 Dungeon Crawl Stone Soup version 0.16.1-14-g82efdee (webtiles) character file.

1636 hulla the Skirmisher (level 8, -9/70 HPs)
             Began as an Octopode Transmuter on Apr 11, 2015.
             Mangled by an orc warrior
             ... wielding a +0 glaive
              (11 damage)
             ... on level 6 of the Dungeon.
             The game lasted 00:34:32 (6438 turns).

hulla the Skirmisher (Octopode Transmuter)          Turns: 6438, Time: 00:34:32

Health: -9/70      AC:  6    Str:  9    XL:     8   Next: 98%
Magic:  19/22      EV: 16    Int: 18    God:
Gold:   271        SH:  0    Dex: 17    Spells: 4 memorised, 1 level left

rFire  x . .     SeeInvis .       - Unarmed
rCold  + + +     Clarity  .     (shield currently unavailable)
rNeg   + . .     SustAb   .     (helmet currently unavailable)
rPois  +         Gourm    .     i - amulet of rage
rElec  .         Spirit   .     q - ring of positive energy
rCorr  .         Warding  .     j - ring of magical power
rMut   .         Stasis   .     (no ring)
MR     .....                    (no ring)
Stlth  +++.......               (no ring)
                                (no ring)
                                (no ring)
                                (no ring)

@: agile, ice-form, very slightly contaminated, hasted, very quick, not
resistant to hostile enchantments, fairly stealthy
A: almost no armour, amphibious, 8 rings, (constrict 8), rugged brown scales 1,
(camouflage 0), regeneration 1, (gelatinous body 0)
a: End Transformation, Evoke Berserk Rage


You were on level 6 of the Dungeon.
You were not hungry.
You were a creature of crystalline ice.
You visited 2 branches of the dungeon, and saw 7 of its levels.
You also visited: Sewer.

You collected 271 gold pieces.

Inventory:

Missiles
 b - 93 arrows
 g - 10 poisoned needles
 n - 55 stones
 B - 4 javelins of penetration (quivered)
Jewellery
 i - an amulet of rage (around neck)
 j - a ring of magical power (right front paw)
 q - a ring of positive energy (left front paw)
 w - an uncursed amulet of stasis
Magical devices
 r - a wand of confusion (20)
Scrolls
 e - 2 scrolls of teleportation
 h - 2 scrolls of amnesia
 l - 2 scrolls of remove curse
 o - a scroll of magic mapping
 s - 2 scrolls of identify
 t - a scroll of enchant armour
Potions
 k - 2 potions of restore abilities
 u - a potion of lignification
 v - a potion of curing
 x - a potion of brilliance
Books
 d - a book of Changes

   Spells                             Type                      Level
   a - Beastly Appendage              Transmutation                1
   b - Sticks to Snakes               Transmutation                2
   c - Spider Form                    Transmutation/Poison         3
   d - Ice Form                       Ice/Transmutation            4
   e - Blade Hands                    Transmutation                5
 y - a book of the Dragon

   Spells                             Type                      Level
   a - Flight                         Charms/Air                   3
   b - Cause Fear                     Hexes                        4
   c - Bolt of Fire                   Conjuration/Fire             6
   d - Dragon Form                    Transmutation                7
   e - Dragon's Call                  Summoning                    9
Comestibles
 a - 5 bread rations
 c - a slice of pizza
 f - 4 meat rations
 p - 2 beef jerkies
 A - 3 chunks of flesh


   Skills:
 + Level 6.6 Fighting
 - Level 2.6 Dodging
 - Level 3.4 Unarmed Combat
 - Level 2.0 Spellcasting
 - Level 5.3 Transmutations
 - Level 6.0 Ice Magic
 - Level 3.0 Poison Magic


You had one spell level left.
You knew the following spells:

 Your Spells              Type           Power        Failure   Level  Hunger
a - Beastly Appendage     Trmt           ###...       1%          1    #......
b - Spider Form           Trmt/Pois      ###.......   12%         3    ###....
c - Sticks to Snakes      Trmt           ###.......   3%          2    ###....
d - Ice Form              Ice/Trmt       ###.....     21%         4    #####..


Dungeon Overview and Level Annotations

Branches:
Dungeon (6/15)             Temple (1/1) D:5

Altars:
Ashenzari
Cheibriados
Dithmenos
Elyvilon
Fedhas
Gozag
Nemelex Xobeh
Okawaru
Qazlal
Ru
Sif Muna
Trog
Vehumet
Xom
Yredelemnul
Zin
The Shining One

Annotations:
D:6 Menkaure


Innate Abilities, Weirdness & Mutations

You cannot wear most types of armour.
You are amphibious.
You can wear up to eight rings at the same time.
((You can use your tentacles to constrict many enemies at once.))
((Your skin changes colour to match your surroundings (Stealth).))
((Your rubbery body absorbs attacks (AC +1).))
(You are partially covered in rugged brown scales (AC +1, +3% HP).)
Your natural rate of healing is unusually fast.


Message History

The orc warrior hits you with a glaive!!
You completely miss the orc warrior.
The orc warrior is moderately wounded.
The orc warrior hits you with a glaive!!
* * * LOW HITPOINT WARNING * * *
Unknown command.
Drink which item? (? for menu, Esc to quit)
Okay, then.
Read which item? (? for menu, Esc to quit)
Okay, then.
Use which ability? (? or * to list)
Okay, then.
Drink which item? (? for menu, Esc to quit)
It was a potion of agility.
You feel agile all of a sudden.
Drink which item? (? for menu, Esc to quit)
You feel yourself speed up. The orc warrior barely misses you.
You are very lightly contaminated with residual magic.
The orc warrior hits you from afar with a glaive!
You die...

**********
*,,,,,,,,*
*****,******,***###
,,,,,,*,,,,,,,,,..#
,,,,,,*,*##*,####.#
,****,*,*,..,,..#.#
** *,*,*,##.*#.#.#
*,*.#.#...#.#.###
*,,....._.o)Y...#
***.#.#...#.#.#.#
*,*,##.*#.#.#.#
*,*,..,,..#.#.######
*,*##*,####.#......#
##
*,,,,,,,,,..######.#
.# *###**,***### #.#
.#######.# #,* #.#
.........# #.* #.#


You could see an orc warrior.

Vanquished Creatures
  Pikel (D:6)
  A water moccasin (D:5)
  Edmund (D:6)
  2 slaves (D:6)
  2 ogres
  2 giant frogs (D:6)
  A crimson imp (D:5)
  A giant frog zombie (D:5)
  A giant frog skeleton (D:5)
  2 hounds
  A centaur skeleton (D:5)
  2 iguanas (D:4)
  3 orc wizards
  3 worker ants (D:5)
  Ijyb (D:2)
  A hound zombie (D:6)
  8 adders
  A shadow imp (D:6)
  2 giant mites (D:4)
  4 river rats
  A worm (D:2)
  A giant gecko (D:4)
  An ooze (D:2)
  10 orcs
  A bat skeleton (D:6)
  7 giant cockroaches
  14 hobgoblins
  9 jackals
  9 kobolds
  3 ball pythons
  9 bats
  6 giant newts
  9 goblins
  3 quokkas
  15 rats
138 creatures vanquished.

Vanquished Creatures (others)
  A slave (D:6)
  2 orcs (D:6)
3 creatures vanquished.

Grand Total: 141 creatures vanquished

Notes
Turn   | Place    | Note
--------------------------------------------------------------
     0 | D:1      | hulla, the Octopode Transmuter, began the quest for the Orb.
     0 | D:1      | Reached XP level 1. HP: 13/13 MP: 3/3
   315 | D:1      | Reached XP level 2. HP: 18/18 MP: 4/4
  1139 | D:2      | Reached XP level 3. HP: 19/23 MP: 4/6
  1157 | D:2      | Found a snail-covered altar of Cheibriados.
  1191 | D:2      | Learned a level 3 spell: Spider Form
  1194 | D:2      | Learned a level 2 spell: Sticks to Snakes
  1480 | D:2      | Reached skill level 1 in Poison Magic
  1491 | D:2      | Noticed Ijyb
  1517 | D:2      | Killed Ijyb
  1517 | D:2      | Reached XP level 4. HP: 18/28 MP: 4/7
  1634 | D:2      | Found a shattered altar of Ashenzari.
  1780 | D:2      | Reached skill level 4 in Transmutations
  2892 | D:3      | Reached XP level 5. HP: 33/33 MP: 9/9
  3138 | D:4      | Found a stormy altar of Qazlal.
  3142 | D:4      | Noticed a water elemental
  3146 | D:4      | Noticed an air elemental
  3146 | D:4      | Noticed a fire elemental
  3230 | D:4      | Found a glowing drain.
  3257 | Sewer    | Entered a sewer
  3437 | Sewer    | Noticed EmilioHeskey's ghost (average OgBe)
  3618 | D:4      | Found an iron altar of Okawaru.
  3621 | D:4      | Noticed an ogre
  3630 | D:4      | Killed an ogre
  3630 | D:4      | Reached skill level 5 in Transmutations
  3630 | D:4      | Reached XP level 6. HP: 42/42 MP: 6/10
  4581 | D:5      | Entered Level 5 of the Dungeon
  4729 | D:5      | Gained mutation: Your natural rate of healing is unusually fast. [potion of mutation]
  4729 | D:5      | Gained mutation: You are partially covered in rugged brown scales (AC +1, +3% HP). [potion of mutation]
  4775 | D:5      | Found a shimmering altar of Xom.
  4855 | D:5      | Reached XP level 7. HP: 47/47 MP: 8/12
  4880 | D:5      | Learned a level 4 spell: Ice Form
  4889 | D:5      | Reached skill level 1 in Ice Magic
  4891 | D:5      | Noticed a water moccasin
  4928 | D:5      | Killed a water moccasin
  5108 | D:5      | Found a shimmering altar of Xom.
  5108 | D:5      | Found a shimmering altar of Xom.
  5109 | D:5      | Found a shimmering altar of Xom.
  5266 | D:5      | Found a deep blue altar of Sif Muna.
  5373 | D:5      | Found a staircase to the Ecumenical Temple.
  5379 | Temple   | Entered the Ecumenical Temple
  5672 | D:5      | Found a glowing silver altar of Zin.
  5798 | D:6      | Noticed Menkaure
  5811 | D:6      | Reached skill level 5 in Ice Magic
  5811 | D:6      | Reached XP level 8. HP: 7/53 MP: 13/13
  5826 | D:6      | Noticed Edmund
  5975 | D:6      | Killed Edmund
  6002 | D:6      | Reached skill level 6 in Ice Magic
  6196 | D:6      | Found a basalt altar of Yredelemnul.
  6228 | D:6      | Noticed Pikel
  6266 | D:6      | Killed Pikel
  6410 | D:6      | Found a sacrificial altar of Ru.
  6435 | D:6      | HP: 1/70 [orc warrior/glaive (23)]
  6438 | D:6      | Mangled by an orc warrior

Action                   |  1- 3 |  4- 6 |  7- 9 || total
-------------------------+-------+-------+-------++-------
Melee: Unarmed           |    66 |   196 |   171 ||   433
Throw: Stone             |       |    10 |    10 ||    20
 Cast: Beastly Appendage |     5 |    11 |       ||    16
       Spider Form       |     4 |    19 |    14 ||    37
       Ice Form          |       |       |     3 ||     3
 Abil: Evoke Berserk Rag |       |     2 |     3 ||     5
       End Transformatio |       |     1 |     1 ||     2
  Use: Scroll            |     3 |     3 |     5 ||    11
       Potion            |     4 |     2 |     4 ||    10
 Stab: Sleeping          |     2 |     5 |     1 ||     8
  Eat: Chunk             |     3 |    14 |    11 ||    28
